 Dungeon Sprint DCSS version 0.31-a0-879-g1609e0ac53 (webtiles) character file.

Game seed: 17359087911347266344

562 sircluck the Fighter (level 7, -1/74 HPs)
             Began as a Minotaur Monk on Oct 14, 2023.
             Was an Elder of Qazlal.
             Slain by a nagaraja
             ... wielding a +0 halberd
              (11 damage)
             ... in the Dungeon (Sprint VII: "The Pits").
             The game lasted 00:02:10 (274 turns).

sircluck the Fighter (Minotaur Monk)                 Turns: 274, Time: 00:02:11

Health: -1/74      AC:  8    Str: 17    XL:     7   Next: 10%
Magic:  3/6        EV: 15    Int:  7    God:    Qazlal [****..]
Gold:   0          SH:  5    Dex: 13    Spells: 6/6 levels left

rFire   . . .        k - +2 trident
rCold   . . .        d - orb {light}
rNeg    . . .        q - +3 ring mail
rPois   .            (helmet restricted)
rElec   .            (no cloak)
rCorr   .            (no gloves)
SInv    .            (no boots)
Will    .....        (no amulet)
Stlth   +            (no ring)
HPRegen 0.32/turn    (no ring)
MPRegen 0.10/turn

%: no teleportation, repel missiles
@: untranslocatable, on berserk cooldown, hasted and slowed, glowing
A: horns 2, retaliatory headbutt
a: Renounce Religion, Upheaval, Elemental Force


You were in the Dungeon.
You worshipped Qazlal.
Qazlal was greatly pleased with you.
You visited 1 branch

Inventory:

Hand Weapons
 a - a +0 spear
 k - a +2 trident (weapon)
Missiles
 p - 10 stones
Armour
 b - a +0 robe
 d - an orb of light (worn)
 q - a +3 ring mail (worn)
Scrolls
 m - 2 scrolls of vulnerability
 n - 5 scrolls of amnesia
 o - a scroll of butterflies
Potions
 c - a potion of ambrosia
 e - 2 potions of curing
 f - 5 potions of heal wounds
 h - 4 potions of magic
 i - 2 potions of berserk rage
 l - 2 potions of invisibility


   Skills:
 + Level 11.2 Fighting
 + Level 11.1 Polearms
 + Level 10.2 Dodging


You had 6 spell levels left.
You didn't know any spells.
Your spell library was empty.

Dungeon Overview and Level Annotations

Branches:
Dungeon (1/1)

Altars:
Ashenzari
Cheibriados
Dithmenos
Elyvilon
Fedhas
Gozag
Hepliaklqana
Kikubaaqudgha
Makhleb
Nemelex Xobeh
Okawaru
Qazlal
Ru
Sif Muna
Trog
Uskayaw
Vehumet
Wu Jian
Xom
Yredelemnul
Zin
The Shining One
Jiyva
Lugonu


Innate Abilities, Weirdness & Mutations

You have a pair of horns on your head.
You reflexively headbutt those who attack you in melee.


Message History

Press: ? - help, Q - select action, (/) - cycle Dir - move target, p - nagaraja
As you read the scroll of blinking, it crumbles to dust.
You feel very sick.
You feel better.
You feel better.
You feel much better. The nagaraja casts a spell at you.
You feel firmly anchored in space.
Unknown command.
Unknown command.
Unknown command.
Unknown command.
The nagaraja gestures at you while chanting.
The poison arrow hits you!!
You are poisoned.
* * * LOW HITPOINT WARNING * * *
The nagaraja points at you and mumbles some strange words.
The bolt of poison is repelled.
Unknown command.
Unknown command.
You feel better. The nagaraja spits poison at you.
The splash of poison misses you.
You feel yourself speed up.
The nagaraja hits you from afar with a +0 halberd!
* * * LOW HITPOINT WARNING * * *
The nagaraja spits poison at you. The splash of poison hits you.
You are lethally poisoned!
* * * LOW HITPOINT WARNING * * *
You feel better. The nagaraja barely misses you.
Unknown command.
Aiming: Upheaval
Press: ? - help, Dir - move target, f - nagaraja
Aim: a nagaraja, wielding a +0 halberd and wearing a +0 robe (severely wounded, fast, haloed) Magma suddenly erupts from the ground!
The blast of magma engulfs the nagaraja.
The nagaraja is severely wounded.
The nagaraja hits you from afar with a +0 halberd!
You die...

########### _________.#
_________.#
_______...###########++######
#########'##................#
....')))'.##...○○.#..#......#
#########.##................+
...........)...○@.N.........+
'#####†#####...☼○.#..#......#
.#.....#..##................#
.#.....#))#####'#####''######
.###†###))##.......##''#
.#.....#))##.......##..#
.#.....#.[##.......##..#
.####'##'###...<...##..#
.#.†).....##.......##..#


You could see a nagaraja (fast).

Vanquished Creatures
  A cyclops (D)
  A sky beast (D)
  A jelly (D)
  A gnoll (D)
  An ufetubus (D)
  An adder zombie (D)
  An orc (D)
  A giant cockroach (D)
  A ball python (D)
  A bat (D)
  A quokka skeleton (D)
  A rat (D)
12 creatures vanquished.

Notes
Turn   | Place    | Note
-------+----------+-------------------------------------------
     0 | D        | sircluck the Minotaur Monk began the quest for the Orb.
     0 | D        | Reached XP level 1. HP: 19/19 MP: 0/0
    21 | D        | Reached XP level 2. HP: 26/28 MP: 1/1
    26 | D        | Found a bloodstained altar of Trog.
    26 | D        | Found a shimmering blue altar of Sif Muna.
    26 | D        | Found a viscous altar of Jiyva.
    26 | D        | Found a hazy altar of Hepliaklqana.
    26 | D        | Found an opulent altar of Gozag.
    27 | D        | Found a glowing golden altar of the Shining One.
    27 | D        | Found a glowing silver altar of Zin.
    27 | D        | Found a basalt altar of Yredelemnul.
    27 | D        | Found a shimmering altar of Xom.
    27 | D        | Found an ornate altar of the Wu Jian Council.
    27 | D        | Found a sacrificial altar of Ru.
    27 | D        | Found a stormy altar of Qazlal.
    27 | D        | Found an iron altar of Okawaru.
    27 | D        | Found a sparkling altar of Nemelex Xobeh.
    27 | D        | Found a burning altar of Makhleb.
    27 | D        | Found a blossoming altar of Fedhas.
    27 | D        | Found a white marble altar of Elyvilon.
    27 | D        | Found a shadowy altar of Dithmenos.
    27 | D        | Found a snail-covered altar of Cheibriados.
    29 | D        | Found a radiant altar of Vehumet.
    29 | D        | Found a corrupted altar of Lugonu.
    30 | D        | Found a hide-covered altar of Uskayaw.
    30 | D        | Found an ancient bone altar of Kikubaaqudgha.
    30 | D        | Found a broken altar of Ashenzari.
    36 | D        | Became a worshipper of Qazlal Stormbringer
    36 | D        | Reached * piety under Qazlal
    36 | D        | Reached ** piety under Qazlal
    78 | D        | Reached *** piety under Qazlal
    79 | D        | Reached skill level 5 in Fighting
    79 | D        | Reached skill level 5 in Polearms
   118 | D        | Reached skill level 5 in Dodging
   118 | D        | Reached XP level 3. HP: 35/37 MP: 2/2
   174 | D        | Reached **** piety under Qazlal
   230 | D        | Noticed a sky beast
   242 | D        | Killed a sky beast
   243 | D        | Reached XP level 4. HP: 48/48 MP: 3/3
   243 | D        | Reached XP level 5. HP: 53/53 MP: 4/4
   245 | D        | Noticed a nagaraja
   245 | D        | Noticed a cyclops
   256 | D        | Killed a cyclops
   257 | D        | Reached skill level 10 in Dodging
   257 | D        | Reached XP level 6. HP: 68/68 MP: 5/5
   257 | D        | Reached XP level 7. HP: 74/74 MP: 6/6
   270 | D        | HP: 2/74 [nagaraja/splash of poison (5)]
   274 | D        | Slain by a nagaraja

Illustrated notes

Levels and vault maps discovered:
D:        pitsprint [storerooms_1, entrance_room_1, metal_vault_3, armoury_2,
          mini_pit_1, grid_room_1, main_hall_1, silver_pit, the_coven_3,
          the_vestibule_1, steel_vault_5, golden_pit, hallway_of_sentries,
          crystal_vault_2, iron_vault_3, final_vault]

Skill      XL: |  1  2  3  4  5 |
---------------+----------------+-----
Fighting       | 4 6 8 11 | 11.2
Polearms       | 4 6 8 11 | 11.1
Dodging        | 4 5 7 10 | 10.2

Action                     |  1- 3 |  4- 6 |  7- 9 || total
---------------------------+-------+-------+-------++-------
  Melee: Spear             |     5 |       |       ||     5
         Headbutt          |     2 |       |       ||     2
         Trident           |    20 |     8 |     7 ||    35
 Invoke: Upheaval          |       |       |     1 ||     1
    Use: Potion            |       |     1 |     6 ||     7
         Scroll            |       |       |     1 ||     1
 Armour: Robe              |     5 |       |       ||     5
         Ring mail         |     1 |     1 |     6 ||     8
  Dodge: Dodged            |     9 |       |     3 ||    12
         Repelled          |       |       |     1 ||     1
  Block: Orb               |     2 |       |       ||     2

Table legend: (Time is in decaauts)
 A = Elapsed time spent in this place.
 B = Non-inter-level travel time spent in this place.
 C = Inter-level travel time spent in this place.
 D = Time resting spent in this place.
 E = Time spent auto-exploring this place.
 F = Levels seen in this place.
 G = Mean time per level.
                   A        B        C        D        E       F      G
               +--------+--------+--------+--------+--------+-----+--------+
         Total |    270 |    254 |     16 |      0 |    122 |   1 |  270.0 |
       Dungeon |    270 |    254 |     16 |      0 |    122 |   1 |  270.0 |
               +--------+--------+--------+--------+--------+-----+--------+

Top non-repeatable levels by time:
       D: 270 daAuts
